Construct Infanterie Kompanie
Infanterie Officer Quarters
Construct Panzergrenadier Kompanie
Pak 40 Anti-tank Gun Team
Selects Mechanized Battlegroup
Selects Mechanized Battlegroup
Selects 8 Rad Armored Car
Pak 40 Anti-tank Gun Team
Panzergrenadier Officer Quarters
Selects UNKNOWN (2160084)
Construct Panzer Kompanie
Selects Wespe Self-propelled Artillery
Pak 40 Anti-tank Gun Team
Selects Zeroing Artillery Barrage
Zeroing Artillery Barrage
Pak 40 Anti-tank Gun Team
Pak 40 Anti-tank Gun Team
Wespe Self-propelled Artillery
Wespe Self-propelled Artillery
Zeroing Artillery Barrage